 Dungeon Crawl Stone Soup version 0.31.0-1-g2c135a008e (webtiles) character file.

Game seed: 7703051539835760701

30 GreatBamboolord the Digger (level 3, 0/24 HPs)
             Began as a Demonspawn Earth Elementalist on Jan 20, 2024.
             Was an Initiate of Gozag.
             Succumbed to an adder's poison
             ... on level 2 of the Dungeon.
             The game lasted 00:01:35 (1096 turns).

GreatBamboolord the Digger (DsEE)                   Turns: 1096, Time: 00:01:36

Health: 0/24       AC:  3    Str:  6 (8)  XL:     3   Next: 3%
Magic:  5/6        EV: 12    Int: 16 (17) God:    Gozag
Gold:   187        SH:  8    Dex: 12 (13) Spells: 5/6 levels left

rFire   + . .        f - +0 dagger
rCold   + . .        (no shield)
rNeg    . . .        a - +0 robe
rPois   +            h - +0 helmet
rElec   +            (no cloak)
rCorr   +            (no gloves)
SInv    .            (no boots)
Will    .....        c - amulet of the acrobat
Stlth   ++           (no ring)
HPRegen 0.24/turn    (no ring)
MPRegen 0.10/turn

%: acrobat
@: lethally poisoned (0 -> -4), resistant, gold aura, very slightly contaminated
A: powered by death 1, condensation shield, large bone plates 1
a: Renounce Religion, Potion Petition, Call Merchant, Bribe Branch


You were on level 2 of the Dungeon.
You worshipped Gozag.
Gozag was aware of your devotion.
You visited 1 branch of the dungeon, and saw 2 of its levels.

You collected 187 gold pieces.

Inventory:

Hand Weapons
 f - a +0 dagger (weapon)
Armour
 a - a +0 robe (worn)
 h - a +0 helmet (worn)
Jewellery
 c - an amulet of the acrobat (around neck)
Scrolls
 d - a scroll of poison {unknown}
 e - a scroll of blinking {unknown}
 g - a scroll of identify {unknown}
 i - a scroll of immolation {unknown}
 j - a scroll of vulnerability {unknown}


   Skills:
 + Level 0.1 Fighting
 * Level 2.1 Dodging
 + Level 2.1 Stealth
 * Level 2.2 Spellcasting
 * Level 1.5 Conjurations
 * Level 2.9 Earth Magic


You had 5 spell levels left.
You knew the following spells:

 Your Spells              Type           Power      Damage    Failure   Level
a - Sandblast             Erth           22%        2d7       6%          1

Your spell library contained the following spells:

 Spells                   Type           Power      Damage    Failure   Level
 Passwall                 Erth           11%        N/A       19%         3
 Stone Arrow              Conj/Erth      18%        3d8       24%         3
 Brom's Barrelling Bould  Conj/Erth      9%         2d3       63%         4
 Petrify                  Alch/Erth      6%         N/A       73%         4


Dungeon Overview and Level Annotations

Branches:
Dungeon (2/15)

Altars:
Gozag


Innate Abilities, Weirdness & Mutations

You regenerate a little health from kills.
A meltable shield of frost defends you. (SH +4)
You are partially covered in large bone plates. (SH +4)


Message History

The blast of sand hits the adder.
The adder is moderately wounded.
The adder bites you but does no damage. The adder closely misses you.
Magic courses through your body. The adder bites you.
You are poisoned.
The adder poisons you!
You are too injured to fight recklessly!
You are too injured to fight recklessly!
Aiming: Sandblast (safe; 5% risk of failure)
Press: ? - help, Q - select action, (/) - cycle Shift-Dir - straight line, f/p - adder
Aim: an adder (moderately wounded, 70% to hit)
You miscast Sandblast.
You are very lightly contaminated with residual magic.
Nothing appears to happen.
You feel sick. The adder closely misses you.
Aiming: Sandblast (safe; 5% risk of failure)
Press: ? - help, Q - select action, (/) - cycle Shift-Dir - straight line, f/p - adder
Aim: an adder (moderately wounded, 70% to hit)
The blast of sand hits the adder!
The adder is almost dead.
You feel sick. The adder bites you.
* * * LOW HITPOINT WARNING * * *
You are lethally poisoned!
The adder poisons you! The adder closely misses you.
It was a potion of resistance.
You feel protected.
* * * LOW HITPOINT WARNING * * *
You feel sick. The adder misses you. You block the adder's attack.
Okay, then.
You need at least 400 gold to purchase potions right now!
Unknown command.
It was a potion of mutation.
You feel extremely strange.
Large bone plates grow over parts of your arms.
* * * LOW HITPOINT WARNING * * *
You feel sick. The adder misses you.
It was a potion of degeneration.
There was something very wrong with that liquid.
You feel weakened.
You feel dopey.
You feel clumsy.
You die...
Your body crumbles into a pile of gold.

#.# #..# #.## #.# #..#
#.## ######.#######..#
#... #...............#
###...
#.####.#####...######.#.##
#.# ............## #.#
#..#####.....##
#.#####..##..........
#..)@S....#.##.......
#.#####.........>.... #$#
............ ...
...#....... ....
.....#..... ###..
....<#..... #... ....
###### ## ..>. ...


You could see an adder.

Vanquished Creatures
  An adder (D:2)
  2 dart slugs
  2 ball pythons
  2 endoplasms (D:1)
  2 goblins (D:1)
  2 hobgoblins (D:1)
  A quokka (D:1)
  2 frilled lizards (D:1)
  2 rats (D:1)
16 creatures vanquished.

Notes
Turn   | Place    | Note
-------+----------+-------------------------------------------
     0 | D:1      | GreatBamboolord the Demonspawn Earth Elementalist began the
                  | quest for the Orb.
     0 | D:1      | Reached XP level 1. HP: 13/13 MP: 3/3
   265 | D:1      | Found a faded altar of an unknown god.
   272 | D:1      | Prayed at the altar of an unknown god.
   272 | D:1      | Became a worshipper of Gozag Ym Sagoz the Greedy
   535 | D:1      | Gained mutation: A meltable shield of frost defends you.
                  | (SH +4) [demonic ancestry]
   535 | D:1      | Reached XP level 2. HP: 19/19 MP: 3/5
  1090 | D:2      | Gained mutation: You regenerate a little health from kills.
                  | [demonic ancestry]
  1090 | D:2      | Reached XP level 3. HP: 11/24 MP: 1/6
  1095 | D:2      | Gained mutation: You are partially covered in large bone
                  | plates. (SH +4) [potion of mutation]
  1095 | D:2      | HP: 1/24 [poisoned by an adder]
  1096 | D:2      | Succumbed to an adder's poison

Illustrated notes

Levels and vault maps discovered:
D:1:      dpeg_arrival_chambers_temple_mockup, layout_loops_ring,
          hellmonk_ecumenical_altar_slurped_away, minmay_hexomino_p4
D:2:      layout_loops_ring, small_statue_intersection

Skill      XL: |  1  2 |
---------------+-------+-----
Stealth        | 2 |  2.1
Dodging        | 2 |  2.1
Fighting       | |  0.1
Spellcasting   | |  2.2
Conjurations   | |  1.5
Earth Magic    | |  2.9

Action                     || total
---------------------------++-------
  Melee: Unarmed           ||     9
         Dagger            ||     3
   Cast: Sandblast         ||    26
    Use: Potion            ||     4
 Armour: Robe              ||    19
  Dodge: Dodged            ||    18
  Block: Other             ||     3
